 Dungeon Crawl Stone Soup version 0.28-a0-8-g6e044cfa68 (webtiles) character file.

Game seed: 4932272282420842930

244 Sin92 the Skirmisher (level 6, -3/48 HPs)
             Began as a Merfolk Fighter on July 23, 2021.
             Slain by a gnoll (5 damage)
             ... on level 3 of the Dungeon.
             The game lasted 00:02:30 (3378 turns).

Sin92 the Skirmisher (Merfolk Fighter)              Turns: 3378, Time: 00:02:31

Health: -3/48      AC: 12    Str: 24    XL:     6   Next: 10%
Magic:  6/6        EV:  5    Int:  8    God:
Gold:   109        SH: 10    Dex: 13    Spells: 5/5 levels left

rFire   . . .      SeeInvis .   a - +0 war axe
rCold   . . .      Faith    .   c - +0 kite shield
rNeg    . . .      Spirit   .   k - +0 plate armour
rPois   .          Reflect  .   h - +0 hat
rElec   .          Harm     .   l - +0 cloak
rCorr   .          Rampage  .   (no gloves)
Will    .....                   (no boots)
Stlth   ..........              (no amulet)
HPRegen 0.16/turn               e - +6 ring of strength
MPRegen 0.10/turn               (no ring)

@: no status effects
A: (nimble swimmer 2), mertail
a: no special abilities


You were on level 3 of the Dungeon.
You visited 1 branch of the dungeon, and saw 3 of its levels.

You collected 109 gold pieces.

Inventory:

Hand Weapons
 a - a +0 war axe (weapon)
Armour
 b - a +0 scale mail
 c - a +0 kite shield (worn)
 h - a +0 hat (worn)
 k - a +0 plate armour (worn)
 l - a +0 cloak (worn)
Jewellery
 e - a +6 ring of strength (left hand)
Scrolls
 n - a scroll of teleportation
Potions
 d - a potion of might
 i - a potion of brilliance {unknown}
 j - a potion of lignification {unknown}


   Skills:
 + Level 4.1 Fighting
 * Level 3.2 Axes
 + Level 2.9 Armour
 + Level 2.6 Dodging
 + Level 3.7 Shields


You had 5 spell levels left.
You didn't know any spells.
Your spell library contained the following spells:

 Spells                   Type           Power      Damage    Failure   Level
 Summon Ice Beast         Ice/Summ       0%         N/A       100%        4
 Summon Mana Viper        Hex/Summ       0%         N/A       100%        5
 Monstrous Menagerie      Summ           0%         N/A       100%        7


Dungeon Overview and Level Annotations

Branches:
Dungeon (3/15)

Altars:

Shops:
D:2 !


Innate Abilities, Weirdness & Mutations

((You are quick and stealthy near water. (Stealth+, EV+, Speed+++)))
Your lower body shifts to a powerful aquatic tail in water.


Message History

a +0 club; a gnoll corpse The gnoll sergeant hits you with a +0 spear.
* * * LOW HITPOINT WARNING * * *
The gnoll hits you but does no damage.
Found a faded altar of an unknown god.
There is an open door, spattered with blood here.
Things that are here:
a +0 flail; 19 gold pieces You slash the gnoll sergeant!
The gnoll sergeant is heavily wounded.
You completely miss the gnoll.
The gnoll sergeant hits you with a +0 spear.
* * * LOW HITPOINT WARNING * * *
You block the gnoll's attack.
Unknown command.
You hit the gnoll sergeant but do no damage.
The gnoll sergeant is heavily wounded.
You hit the gnoll.
The gnoll sergeant hits you with a +0 spear.
* * * LOW HITPOINT WARNING * * *
The gnoll hits you but does no damage. You block the gnoll sergeant's attack.
The gnoll hits you but does no damage.
You barely miss the gnoll sergeant.
The gnoll sergeant is heavily wounded.
You closely miss the gnoll.
The gnoll sergeant hits you with a +0 spear.
* * * LOW HITPOINT WARNING * * *
The gnoll barely misses you. You block the gnoll sergeant's attack.
You hit the gnoll sergeant.
The gnoll sergeant is severely wounded.
You barely miss the gnoll. The gnoll hits you with a +0 spear.
* * * LOW HITPOINT WARNING * * *
The gnoll sergeant completely misses you.
You block the gnoll's attack.
Unknown command.
Your shield and plate armour prevent you from hitting the gnoll sergeant.
The gnoll sergeant is severely wounded.
You hit the gnoll. The gnoll sergeant barely misses you.
The gnoll hits you with a +0 spear.
You die...

##........# #.##
##.......#.# #.#
#........#.# #.#
#..#.....#.#########.##
#.......>).)...........
#.##.......####.#######
#.....#..### #(# #
##..g)..######.# #
#..###@####...#.# ####
#..g..##.#.#.# #...
#.....#....#.# #.##
#.....##†###.# #.#
#.....#......# #.#
##...##.#########.#
##.###.###.......# #_#
#.....####### #######


You could see a gnoll sergeant and a gnoll.

Vanquished Creatures
  A howler monkey (D:3)
  7 gnolls (D:3)
  5 adders
  A worm (D:2)
  3 dart slugs
  8 ball pythons
  7 bats
  4 endoplasms
  8 giant cockroaches
  6 goblins
  7 hobgoblins
  3 jackals (D:1)
  9 kobolds
  4 quokkas
  3 frilled lizards
  7 rats
83 creatures vanquished.

Vanquished Creatures (others)
  10 plants (D:3)
  11 withered plants (D:3)
21 creatures vanquished.

Grand Total: 104 creatures vanquished

Notes
Turn   | Place    | Note
-------+----------+-------------------------------------------
     0 | D:1      | Sin92 the Merfolk Fighter began the quest for the Orb.
     0 | D:1      | Reached XP level 1. HP: 18/18 MP: 1/1
    25 | D:1      | Reached XP level 2. HP: 24/24 MP: 2/2
   174 | D:1      | Reached skill level 1 in Dodging
   542 | D:1      | Reached XP level 3. HP: 29/29 MP: 3/3
  1202 | D:2      | Reached XP level 4. HP: 21/35 MP: 4/4
  2090 | D:2      | Found Uqutzur's Distillery.
  2421 | D:3      | Reached XP level 5. HP: 42/42 MP: 5/5
  3112 | D:3      | Reached skill level 4 in Fighting
  3133 | D:3      | Reached XP level 6. HP: 13/48 MP: 6/6
  3373 | D:3      | Found a faded altar of an unknown god.
  3377 | D:3      | HP: 2/48 [gnoll (4)]
  3378 | D:3      | Slain by a gnoll

Illustrated notes

Levels and vault maps discovered:
D:1:      dpeg_arrival_solitude, layout_basic, hangedman_decor_growths
D:2:      layout_rooms, serial_shops, nicolae_lakefront_shop,
          amcnicky_mini_corridor_feature, minmay_pentomino_t4
D:3:      layout_basic, shapermc_ecumenical_altar_flowoftime

Skill      XL: |  1  2  3  4  5 |
---------------+----------------+-----
Axes           | 2 3 |  3.2
Dodging        | 1 2 |  2.6
Fighting       | 4 |  4.1
Armour         | |  2.9
Shields        | |  3.7

Action                   |  1- 3 |  4- 6 || total
-------------------------+-------+-------++-------
Melee: War axe           |   110 |   140 ||   250
  Use: Scroll            |       |     5 ||     5
Armor: Scale mail        |    55 |    20 ||    75
       Plate armour      |       |    66 ||    66
Dodge: Dodged            |    45 |    43 ||    88
Block: Kite shield       |    69 |   103 ||   172

Table legend: (Time is in decaauts)
 A = Elapsed time spent in this place.
 B = Non-inter-level travel time spent in this place.
 C = Inter-level travel time spent in this place.
 D = Time resting spent in this place.
 E = Time spent auto-exploring this place.
 F = Levels seen in this place.
 G = Mean time per level.
                   A        B        C        D        E       F      G
               +--------+--------+--------+--------+--------+-----+--------+
         Total |   3527 |   3475 |     52 |    568 |   2268 |   3 | 1175.7 |
       Dungeon |   3527 |   3475 |     52 |    568 |   2268 |   3 | 1175.7 |
               +--------+--------+--------+--------+--------+-----+--------+

Top non-repeatable levels by time:
     D:1: 1245 daAuts
     D:3: 1200 daAuts
     D:2: 1081 daAuts
